 Dungeon Crawl Stone Soup version 0.27.1-33-g824d729ab1 (webtiles) character file.

Game seed: 5799433550708098492

61 Findor the Firebug (level 4, -2/27 HPs)
             Began as an Octopode Fire Elementalist on Dec 3, 2021.
             Slain by a gnoll (13 damage)
             ... on level 2 of the Dungeon.
             The game lasted 00:03:18 (2086 turns).

Findor the Firebug (Octopode Fire Elementalist)     Turns: 2086, Time: 00:03:18

Health: -2/27      AC:  1    Str:  7    XL:     4   Next: 7%
Magic:  3/8        EV: 13    Int: 18    God:
Gold:   36         SH:  0    Dex: 12    Spells: 7/8 levels left

rFire    . . .     SeeInvis .   a - staff of conjuration {!a}
rCold    . . .     Faith    .   (no shield)
rNeg     . . .     Spirit   .   (helmet restricted)
rPois    .         Reflect  .   (no amulet)
rElec    .         Harm     .   (no ring)
rCorr    .         Rampage  .   (no ring)
Will     .....                  (no ring)
Stlth    +++.......             (no ring)
HPRegen  0.09/turn              (no ring)
MPRegen  0.11/turn              (no ring)
                                (no ring)
                                (no ring)

@: studying Stealth
A: almost no armour, amphibious, 8 rings, camouflage 1, gelatinous body 1,
(nimble swimmer 1), tentacles
a: no special abilities


You were on level 2 of the Dungeon.
You visited 1 branch of the dungeon, and saw 2 of its levels.

You collected 36 gold pieces.


Innate Abilities, Weirdness & Mutations

You cannot wear most types of armour.
You are amphibious.
You can wear up to eight rings at the same time.
Your skin changes colour to match your surroundings (Stealth+).
Your rubbery body absorbs attacks. (AC +1, EV +1)
((You are camouflaged near water. (Stealth+)))
You have tentacles for arms and can constrict up to eight enemies at once.


   Skills:
 - Level 2.0 Dodging
 - Level 2.6 Stealth
 + Level 2.7 Spellcasting
 + Level 2.2 Conjurations
 + Level 3.7 Fire Magic


You had 7 spell levels left.
You knew the following spells:

 Your Spells              Type           Power      Damage    Failure   Level
a - Foxfire               Conj/Fire      76%        2x1d7     4%          1

Your spell library contained the following spells:

 Spells                   Type           Power      Damage    Failure   Level
 Conjure Flame            Conj/Fire      19%        6-21      14%         3
 Freeze                   Ice            8%         1d3       17%         1
 Inner Flame              Hex/Fire       9%         N/A       24%         3
 Sticky Flame             Conj/Fire      19%        2d4       43%         4
 Fireball                 Conj/Fire      9%         3d6       80%         5

Inventory:

Hand Weapons
 b - a +0 short sword
   (You took it off a kobold on level 1 of the Dungeon)
Missiles
 d - a throwing net {!f}
Magical Staves
 a - a staff of conjuration (weapon) {!a}
   (You found it on level 1 of the Dungeon)
Scrolls
 e - a scroll of fear {unknown}
 f - a scroll of teleportation {unknown}
Potions
 c - a potion of brilliance {unknown}


Message History

No target in view!
You see here a rat corpse.
Found a scale mail.
Found 20 stones.
Found 5 gold pieces.
Found a ring mail.
You now have 36 gold pieces (gained 5).
You open the door.
A rat comes into view.
Found a red potion and 10 gold pieces.
A rat is nearby!
There is an open door here.
A gnoll and a kobold come into view.
You see here a red potion.
The rat bites you.
You closely miss the rat. Your grab misses the rat.
Your squeeze misses the rat. The rat bites you.
You closely miss the rat. You grab the rat.
You squeeze the rat, but do no damage. You constrict the rat.
The rat bites you but does no damage.
Casting: Foxfire (safe; 4% risk of failure)
You feel a surge of power!
You conjure some foxfire!
You constrict the rat.
You kill the rat!
The foxfire hits the kobold.
The kobold shouts!
Casting: Foxfire (safe; 4% risk of failure)
You feel a surge of power!
You miscast Foxfire.
You are very lightly contaminated with residual magic.
Nothing appears to happen.
The foxfire hits the kobold.
You kill the kobold!
A gnoll comes into view. It is wielding a +0 club.
The gnoll shouts!
Casting: Foxfire (safe; 4% risk of failure)
You feel a surge of power!
You conjure some foxfire!
A gnoll comes into view. It is wielding a +0 club.
The foxfire hits the gnoll.
The foxfire hits the gnoll but does no damage.
Casting: Foxfire (safe; 4% risk of failure)
You feel a surge of power!
You conjure some foxfire!
The foxfire hits the gnoll!
The foxfire hits the gnoll.
Casting: Foxfire (safe; 4% risk of failure)
You feel a surge of power!
You miscast Foxfire.
Nothing appears to happen.
You see here a red potion.
Casting: Foxfire (safe; 4% risk of failure)
You feel a surge of power!
You conjure some foxfire!
The gnoll hits you with a +0 flail!
* * * LOW HITPOINT WARNING * * *
Your magical contamination has completely faded away.
The foxfire hits the gnoll.
The gnoll hits you with a +0 flail!
You die...

#####.##.#.# #.#........#...#.#
#.....##.#.# #.#........#...#..
#.######.#.###.#.......##...#..
#.#....†....................#.#
###.#.##########.###########..#.#
#............................>#..
#####.##########.########....####
#.# #.######.'.[...... #.#
#@gg.g...#....#### #.#
#######!......# #.# #......#####
#.# #..$..## .# #...g.# .......#
####.#..# ###..# ...)


You could see 3 gnolls.

Vanquished Creatures
  2 adders (D:2)
  A gnoll (D:1)
  An orc (D:2)
  4 endoplasms
  A giant cockroach (D:2)
  2 goblins (D:1)
  A hobgoblin (D:1)
  6 kobolds
  3 quokkas
  4 ball pythons
  A bat (D:1)
  2 frilled lizards
  3 rats (D:2)
31 creatures vanquished.

Vanquished Creatures (others)
  67 foxfires
67 creatures vanquished.

Grand Total: 98 creatures vanquished

Notes
Turn   | Place    | Note
-------+----------+-------------------------------------------
     0 | D:1      | Findor the Octopode Fire Elementalist began the quest for
                  | the Orb.
     0 | D:1      | Reached XP level 1. HP: 11/11 MP: 3/3
   130 | D:1      | Found a faded altar of an unknown god.
   143 | D:1      | Got Plato's Handbook of Cold
   384 | D:1      | Reached XP level 2. HP: 17/17 MP: 3/5
   667 | D:1      | HP: 3/17 [endoplasm (2)]
  1047 | D:2      | Reached XP level 3. HP: 21/21 MP: 2/6
  1877 | D:2      | Reached XP level 4. HP: 16/27 MP: 8/8
  2086 | D:2      | Slain by a gnoll

Levels and vault maps discovered:
D:1:      ebering_trefoil_3fold, layout_loops_corners,
          shapermc_ecumenical_altar_rom_forum, hex_tiny
D:2:      layout_basic

Action                   |  1- 3 |  4- 6 || total
-------------------------+-------+-------++-------
Melee: Staff             |    15 |     5 ||    20
       Constrict         |     5 |     3 ||     8
       Tentacles         |     4 |     2 ||     6
 Cast: Foxfire           |    34 |     4 ||    38
 Stab: Sleeping          |     1 |       ||     1
Armor: Skin              |     5 |     2 ||     7
Dodge: Dodged            |    17 |     2 ||    19
